 Dungeon Crawl Stone Soup version 0.17.1-1-g73c8601 (webtiles) character file.

82 Clownie the Cudgeler (level 4, -11/33 HPs)
             Began as a Mummy Gladiator on Jan 8, 2016.
             Killed from afar by Sigmund (15 damage)
             ... with a puff of flame
             ... on level 2 of the Dungeon.
             The game lasted 00:03:09 (1615 turns).

Clownie the Cudgeler (Mummy Gladiator)              Turns: 1615, Time: 00:03:10

Health: -11/33     AC:  7    Str: 18    XL:     4   Next: 21%
Magic:  13/13      EV: 10    Int:  7    God:
Gold:   122        SH:  0    Dex: 13    Spells: 0 memorised, 3 levels left

rFire  x . .     SeeInvis .     a - +0 flail
rCold  + . .     Clarity  .     f - +0 scale mail
rNeg   + + +     SustAt   .     (no shield)
rPois  ∞         Gourm    .     c - +0 helmet
rElec  .         Spirit   .     (no cloak)
rCorr  .         Warding  .     (no gloves)
rMut   .         Stasis   .     (no boots)
MR     .....                    (no amulet)
Stlth  ..........               (no ring)
                                e - ring of magical power

@: not resistant to hostile enchantments, extremely unstealthy
A: no food or potions, fire vulnerability, cold resistance 1, negative energy
resistance 3, torment resistance, unbreathing
a: no special abilities


You were on level 2 of the Dungeon.
You were not hungry.

You visited 1 branch of the dungeon, and saw 2 of its levels.

You collected 122 gold pieces.

Inventory:

Hand Weapons
 a - a +0 flail (weapon)
Missiles
 d - 3 throwing nets (quivered)
Armour
 c - a +0 helmet (worn)
 f - a +0 scale mail (worn)
Jewellery
 e - a ring of magical power (left hand)
Scrolls
 b - a scroll of magic mapping
 h - a scroll of teleportation
 i - a scroll of immolation
 j - a scroll of enchant weapon
 k - a scroll of remove curse {unknown}
 l - 2 scrolls of enchant armour {unknown}


   Skills:
 - Level 2.0 Fighting
 + Level 4.2 Maces & Flails
 - Level 1.5 Throwing
 - Level 2.4 Dodging


You had 3 spell levels left.
You didn't know any spells.

Dungeon Overview and Level Annotations

Branches:
Dungeon (2/15)

Altars:
Cheibriados
Kikubaaqudgha
Ru

Annotations:
D:2 Sigmund


Innate Abilities, Weirdness & Mutations

You do not eat or drink.
Your flesh is vulnerable to fire.
You are immune to poison.
Your flesh is cold resistant.
You are immune to negative energy.
You are immune to unholy pain and torment.
You can survive without breathing.


Message History

Sigmund is heavily wounded.
Sigmund gestures at you while chanting.
You are confused.
Sigmund hits you but does no damage.
You're too confused!
You bump into the rock wall.
You hit Sigmund but do no damage.
Sigmund is heavily wounded.
Sigmund hits you with a scythe!
* * * LOW HITPOINT WARNING * * *
You're too confused to move!
Sigmund casts a spell.
Sigmund flickers and vanishes!
Deactivating autopickup; reactivate with Ctrl-A.
You bump into the rock wall.
Something completely misses you.
You feel less confused. Something hits you but does no damage.
A puff of flame appears from out of thin air!
The puff of flame hits you! The fire burns you terribly!
You die...

#.......#.....## #..>.
#.......##....## ##...
#..............### ##..
####.####......... ### #.#
##....##<. #.# #{...###.
...### #.# #........
#..... ###.# ###...#.###
#.#### #...#
#.@...#....###. #
##...###.#...####.. #.## #
#....^##.#.........##..###
##....##.#.####.....##....
#.....#.#.# #..#..#)###
##......#.# #..#...#
###.....># #...†.##
####....########.....##
#..........##......#.....


There were no monsters in sight!

Vanquished Creatures
  3 adders
  3 worms
  2 giant geckos
  8 bats
  A bat zombie (D:2)
  6 goblins
  4 hobgoblins
  2 jackals
  A giant cockroach (D:2)
  4 giant newts (D:1)
  5 kobolds
  9 rats
  A rat zombie (D:2)
  A plant (D:1)
50 creatures vanquished.

Notes
Turn   | Place    | Note
--------------------------------------------------------------
     0 | D:1      | Clownie the Mummy Gladiator began the quest for the Orb.
     0 | D:1      | Reached XP level 1. HP: 16/16 MP: 1/1
   325 | D:1      | Reached XP level 2. HP: 17/22 MP: 2/2
   352 | D:1      | Reached skill level 3 in Maces & Flails
   767 | D:1      | Found a sacrificial altar of Ru.
   983 | D:1      | Reached XP level 3. HP: 12/27 MP: 3/3
  1368 | D:2      | Found an ancient bone altar of Kikubaaqudgha.
  1473 | D:2      | Found a snail-covered altar of Cheibriados.
  1491 | D:2      | Reached skill level 4 in Maces & Flails
  1491 | D:2      | Reached XP level 4. HP: 28/33 MP: 4/4
  1577 | D:2      | Noticed Sigmund
  1615 | D:2      | Killed from afar by Sigmund

Action                   |  1- 3 |  4- 6 || total
-------------------------+-------+-------++-------
Melee: Flail             |   185 |    24 ||   209
  Use: Scroll            |       |     4 ||     4
